 Dungeon Sprint DCSS version 0.28-a0-1638-g9123634e07 (webtiles) character file.

Game seed: 10878866263048409559

4039 willcat the Protected (level 10, -7/83 HPs)
             Began as a Human Wanderer on Jan 25, 2022.
             Was an Elder of the Shining One.
             Asphyxiated
             ... in the Dungeon (Sprint V: "Ziggurat Sprint").
             The game lasted 00:04:32 (952 turns).

willcat the Protected (Human Wanderer)               Turns: 952, Time: 00:04:32

Health: -7/83      AC: 25    Str: 28    XL:     10   Next: 48%
Magic:  21/21      EV: -1    Int: 12    God:    the Shining One [****..]
Gold:   0          SH: 28    Dex: 14    Spells: 22/23 levels left

rFire   + + .      SeeInvis .   c - +8 lance "Wyrmbane" {slay drac, rPois rF+ rC+ AC+3}
rCold   + + .      Faith    .   F - +18 shield of the Gong {rElec rN+ Will+ EV-5}
rNeg    + + +      Spirit   .   E - +5 gold dragon scales
rPois   +          Reflect  .   (no helmet)
rElec   +          Harm     .   (no cloak)
rCorr   .          Rampage  .   (no gloves)
Will    +....      NoTele   +   (no boots)
Stlth   ..........              (no amulet)
HPRegen 0.23/turn               C - +6 ring of strength
MPRegen 0.17/turn               B - +6 ring of strength

@: lethally poisoned (-7 -> -10), slowed, glowing, constricted, studying
Polearms, very slow
A: no striking features
a: Renounce Religion, Divine Shield, Cleansing Flame


You were in the Dungeon.
You worshipped the Shining One.
The Shining One was greatly pleased with you.
You visited 1 branch

Inventory:

Hand Weapons
 a - a +0 dagger
 c - the +8 lance "Wyrmbane" (weapon) {slay drac, rPois rF+ rC+ AC+3}
   (You found it in the Dungeon)

   It inflicts extra damage against dragons and draconians.
   AC:        It affects your AC (+3).
   rF:        It protects you from fire.
   rC:        It protects you from cold.
   rPois:     It protects you from poison.
Missiles
 b - 14 poisoned darts (quivered)
Armour
 D - +5 fire dragon scales
 E - +5 gold dragon scales (worn)
 F - the +18 shield of the Gong (worn) {rElec rN+ Will+ EV-5}
   (You found it in the Dungeon)

   It is deafeningly noisy when blocking attacks.
   EV:        It affects your evasion (-5).
   rElec:     It insulates you from electricity.
   rN:        It protects you from negative energy.
   Will:      It increases your willpower.
Jewellery
 w - a ring of flight
 x - a +6 ring of dexterity
 y - a +6 ring of dexterity
 z - a +6 ring of intelligence
 A - a +6 ring of intelligence
 B - a +6 ring of strength (right hand)
 C - a +6 ring of strength (left hand)
Wands
 t - a wand of mindburst (7)
 u - a wand of iceblast (6)
 v - a wand of acid (4)
Scrolls
 i - 3 scrolls of blinking
 o - 4 scrolls of amnesia
 p - 7 scrolls of fog
 q - a scroll of holy word
 r - 5 scrolls of identify
 s - a scroll of fear
 G - 2 scrolls of brand weapon
Potions
 d - 9 potions of curing
 e - 6 potions of heal wounds
 f - 10 potions of haste
 g - 7 potions of magic
 h - 3 potions of berserk rage
 j - 2 potions of brilliance
 k - 2 potions of invisibility
 l - 4 potions of resistance
 n - 5 potions of might
Miscellaneous
 m - a condenser vane


   Skills:
 - Level 9.2 Fighting
 + Level 6.0 Polearms
 - Level 8.6 Throwing
 + Level 9.6 Armour
 + Level 9.6 Dodging
 - Level 1.0 Stealth
 + Level 6.8 Shields
 - Level 7.3 Spellcasting
 - Level 8.4 Necromancy
 + Level 7.0 Invocations


You had 22 spell levels left.
You knew the following spells:

 Your Spells              Type           Power      Damage    Failure   Level
a - Pain                  Necr           96%        1d8       38%         1

Your spell library contained the following spells:

 Spells                   Type           Power      Damage    Failure   Level
 Sublimation of Blood     Necr           24%        N/A       54%         2
 Dispel Undead            Necr           24%        3d12      99%         4
 Passwall                 Tmut/Erth      3%         N/A       100%        2
 Static Discharge         Conj/Air       4%         N/A       100%        2
 Wereblood                Tmut           4%         N/A       100%        2
 Portal Projectile        Hex/Tloc       8%         N/A       100%        3
 Iskenderun's Mystic Bla  Conj/Tloc      4%         2d3       100%        4
 Sticky Flame             Conj/Fire      4%         2d3       100%        4
 Borgnjor's Revivificati  Necr           12%        N/A       100%        8


Dungeon Overview and Level Annotations

Branches:
Dungeon (1/1)

Altars:
Ashenzari
Cheibriados
Dithmenos
Elyvilon
Fedhas
Gozag
Hepliaklqana
Kikubaaqudgha
Makhleb
Nemelex Xobeh
Okawaru
Qazlal
Ru
Sif Muna
Trog
Uskayaw
Vehumet
Wu Jian
Xom
Yredelemnul
Zin
The Shining One
Beogh
Jiyva
Lugonu

Annotations:
D 1 transporter


Message History

SHROANNG!
The naga mage hits you with a +0 spear.
* * * LOW HITPOINT WARNING * * *
The naga mage constricts you. The naga completely misses you.
You puncture the naga mage!
You kill the naga mage!
You feel very sick. You block the naga's attack.
GONNNNG!
The naga grabs you. The naga constricts you.
Your Polearms skill increases to level 6!
Your Invocations skill increases to level 7!
You hit the naga.
The naga is lightly wounded.
You feel very sick. You block the naga's attack.
BONNNG!
The naga constricts you. You block the naga's attack.
SHROANNG!
The naga constricts you.
* * * LOW HITPOINT WARNING * * *
You puncture the naga!
The naga is heavily wounded.
You feel sick. The naga spits poison at you.
The splash of poison hits you but does no damage.
You have difficulty breathing.
* * * LOW HITPOINT WARNING * * *
You feel as though you will be slow longer.
The naga constricts you.
You hit the naga.
The naga is severely wounded.
You feel sick. You block the naga's attack.
PANG!
The naga constricts you.
* * * LOW HITPOINT WARNING * * *
The naga spits poison at you.
The splash of poison hits you but does no damage.
You have difficulty breathing.
You die...

▓▓▓▓▓▓▓▓▓▓▓▓▓▓▓▓▓▓▓
▓...8©8...▓..8©8..▓
▓..[[|=...▓..)|...▓
▓...)::...▓..[)...▓
▓.........▓.......▓
▓.........▓.......▓
▓.........▓.......▓
▓.......N.▓.......▓
▓.▓....†▓@▓......÷▓
▓....©..).▓...©.†.▓
▓▓▓▓▓▓▓▓▓▓▓▓▓▓▓▓▓▓▓
▓..8©8..▓ ▓..|))..▓
▓..)|)..▓ ▓.......▓
▓.......▓ ▓.......▓


You could see a naga (curare, catching breath).

Vanquished Creatures
  2 toenail golems (D)
  3 naga magi (D)
  A cane toad (D)
  3 yaks (D)
  2 nagas (D)
  3 water moccasins (D)
  2 wolves (D)
  A bullfrog (D)
  3 scorpions (D)
  An iguana (D)
  3 adders (D)
  A river rat (D)
  A jackal (D)
  2 ball pythons (D)
28 creatures vanquished.

Vanquished Creatures (others)
  A water moccasin (D)
  An adder (D)
  A ball python (D)
3 creatures vanquished.

Grand Total: 31 creatures vanquished

Notes
Turn   | Place    | Note
-------+----------+-------------------------------------------
     0 | D        | willcat the Human Wanderer began the quest for the Orb.
     0 | D        | willcat set off with the following items: a +0 dagger, 14
                  | poisoned darts, a +0 robe, a potion of curing, a potion of
                  | heal wounds, a potion of haste, 2 potions of magic, a
                  | potion of berserk rage, a scroll of blinking; and the
                  | following spell memorised: Pain; and the following spells
                  | available to memorise: Sublimation of Blood, Passwall,
                  | Wereblood, Dispel Undead
     0 | D        | Reached XP level 1. HP: 13/13 MP: 4/4
     0 | D        | Found a blossoming altar of Fedhas.
     0 | D        | Found the +6 Majin-Bo {vamp, MP+6 Int+6}
     0 | D        | Found the +9 heavy crossbow "Sniper" {vorpal, Acc+∞ SInv}
     0 | D        | Found the +10 dark maul {vorpal}
     0 | D        | Found the +15 Maxwell's patent armour {-Cast -Tele rElec
                  | Will+ rCorr}
     0 | D        | Found the +18 shield of the Gong {rElec rN+ Will+ EV-5}
     0 | D        | Found the +14 obsidian axe {vorpal, Mesm Drain Fly SInv}
     0 | D        | Found the +7 great mace "Firestarter" {inner flame, rF++}
     0 | D        | Found the +6 shillelagh "Devastator" {shatter}
     0 | D        | Found the +11 plutonium sword {Contam Stlth-}
     0 | D        | Found the +8 lance "Wyrmbane" {slay drac, rPois rF+ rC+
                  | AC+3}
     0 | D        | Found the +9 sword of Zonguldrok {reap}
     0 | D        | Found the +13 scythe of Curses {drain, Drain}
     0 | D        | Found the +5 sword of Power {vorpal}
     0 | D        | Found the +7 mace of Variability {chain chaos}
     0 | D        | Found the +7 Singing Sword {vorpal, sonic wave}
     0 | D        | Found the +8 storm bow {elec, penet}
     1 | D        | Found a shimmering blue altar of Sif Muna.
     1 | D        | Found a sacrificial altar of Ru.
     1 | D        | Found a bloodstained altar of Trog.
     1 | D        | Found a stormy altar of Qazlal.
     1 | D        | Found an iron altar of Okawaru.
     1 | D        | Found a sparkling altar of Nemelex Xobeh.
     3 | D        | Found a transporter.
     3 | D        | Found an ancient bone altar of Kikubaaqudgha.
     3 | D        | Found a viscous altar of Jiyva.
     3 | D        | Found a corrupted altar of Lugonu.
     3 | D        | Found a hazy altar of Hepliaklqana.
     3 | D        | Found a burning altar of Makhleb.
     3 | D        | Found an opulent altar of Gozag.
    79 | D        | Became a worshipper of the Shining One
   116 | D        | Entered arena 2.
   116 | D        | Noticed a toenail golem
   116 | D        | Noticed a toenail golem
   116 | D        | Found a transporter.
   133 | D        | Killed a toenail golem
   134 | D        | Reached skill level 5 in Fighting
   134 | D        | Reached skill level 5 in Throwing
   134 | D        | Reached skill level 5 in Armour
   134 | D        | Reached skill level 5 in Dodging
   134 | D        | Reached skill level 5 in Spellcasting
   134 | D        | Reached XP level 2. HP: 9/27 MP: 4/8
   134 | D        | Reached XP level 3. HP: 11/33 MP: 5/10
   134 | D        | Reached XP level 4. HP: 13/39 MP: 5/11
   134 | D        | Reached XP level 5. HP: 14/44 MP: 5/13
   134 | D        | Reached XP level 6. HP: 17/51 MP: 5/14
   141 | D        | Killed a toenail golem
   142 | D        | Reached XP level 7. HP: 39/59 MP: 6/17
   213 | D        | Reached XP level 8. HP: 60/67 MP: 19/19
   247 | D        | Entered arena 3.
   247 | D        | Reached * piety under the Shining One
   247 | D        | Found a transporter.
   256 | D        | Reached skill level 1 in Invocations
   256 | D        | Reached XP level 9. HP: 68/72 MP: 20/20
   273 | D        | Entered arena 4.
   273 | D        | Found a transporter.
   296 | D        | Entered arena 5.
   296 | D        | Reached ** piety under the Shining One
   296 | D        | Found a transporter.
   320 | D        | Got the Disquisition on the Compass and Necromancy
   324 | D        | Entered arena 6.
   324 | D        | Noticed a deep elf knight
   324 | D        | Noticed a +1 vorpal halberd
   324 | D        | Noticed a +2 war axe of flaming
   324 | D        | Noticed a deep elf zephyrmancer
   324 | D        | Noticed a deep elf zephyrmancer
   324 | D        | Reached *** piety under the Shining One
   324 | D        | Found a transporter.
   334 | D        | Entered arena 7.
   334 | D        | Noticed a cane toad
   339 | D        | HP: 3/74 [cane toad (3)]
   344 | D        | The Shining One protects you from harm!
   345 | D        | Killed a cane toad
   359 | D        | Reached skill level 5 in Shields
   370 | D        | Reached skill level 5 in Invocations
   372 | D        | Found a transporter.
   628 | D        | Entered arena 8.
   628 | D        | Reached **** piety under the Shining One
   628 | D        | Noticed a naga mage
   629 | D        | Found a transporter.
   636 | D        | Reached skill level 1 in Polearms
   640 | D        | Reached XP level 10. HP: 77/82 MP: 21/21
   661 | D        | Killed a naga mage
   921 | D        | Entered arena 9.
   921 | D        | Noticed a naga mage
   921 | D        | Noticed a naga mage
   922 | D        | Found a transporter.
   942 | D        | Killed a naga mage
   943 | D        | Reached skill level 5 in Polearms
   949 | D        | Killed a naga mage
   952 | D        | HP: 4/83 [constriction (1)]
   952 | D        | Asphyxiated

Illustrated notes

Levels and vault maps discovered:
D:        sprint_v [room_start, room_1, room_2, room_3, room_4, room_5, room_6,
          room_7, room_8, room_9, room_10, room_11, room_12, room_13, room_14,
          room_15, room_16, room_17, room_18, room_19, room_20, room_21,
          room_22, room_23, room_24, room_25, room_26, room_27]

Skill      XL: |  1  2  3  4  5  6  7  8  9 10 |
---------------+-------------------------------+-----
Fighting       | 5 6 7 8 9 |  9.2
Throwing       | 5 6 7 8 |  8.6
Armour         | 5 6 7 8 9 |  9.6
Dodging        | 5 6 7 8 9 |  9.6
Spellcasting   | 5 6 7 |  7.3
Necromancy     | 6 7 8 |  8.4
Shields        | 2 3 5 6 |  6.8
Invocations    | 1 5 7 |  7.0
Polearms       | 2 6 |  6.0
Stealth        | |  1.0

Action                   |  1- 3 |  4- 6 |  7- 9 | 10-12 || total
-------------------------+-------+-------+-------+-------++-------
Melee: Lance             |    14 |     7 |    77 |    39 ||   137
Invok: Divine Shield     |       |       |     1 |       ||     1
Evoke: Wand              |     1 |       |     1 |     2 ||     4
       Condenser vane    |       |       |       |     1 ||     1
  Use: Potion            |       |     1 |     3 |     2 ||     6
       Scroll            |       |       |     2 |       ||     2
Armor: Gold dragon scale |    12 |     2 |    63 |    28 ||   105
Dodge: Dodged            |       |       |     1 |     4 ||     5
Block: Kite shield       |    23 |     6 |   167 |    78 ||   274

Table legend: (Time is in decaauts)
 A = Elapsed time spent in this place.
 B = Non-inter-level travel time spent in this place.
 C = Inter-level travel time spent in this place.
 D = Time resting spent in this place.
 E = Time spent auto-exploring this place.
 F = Levels seen in this place.
 G = Mean time per level.
                   A        B        C        D        E       F      G
               +--------+--------+--------+--------+--------+-----+--------+
         Total |    985 |    984 |      1 |    583 |      0 |   1 |  985.0 |
       Dungeon |    985 |    984 |      1 |    583 |      0 |   1 |  985.0 |
               +--------+--------+--------+--------+--------+-----+--------+

Top non-repeatable levels by time:
       D: 985 daAuts
